 Dungeon Crawl Stone Soup version 0.23.1-44-gbd83930989 (webtiles) character file.

Game seed: 1681522562205464302

14811 PentaManta the Carver (level 12, -1/72 HPs)
             Began as an Octopode Fighter on Mar 30, 2019.
             Was a Priest of Dithmenos.
             Slain by a seven-headed hydra (17 damage)
             ... on level 13 of the Dungeon.
             The game lasted 00:36:14 (17354 turns).

PentaManta the Carver (Octopode Fighter)           Turns: 17354, Time: 00:36:15

Health: -1/72      AC:  7    Str: 24    XL:     12   Next: 20%
Magic:  12/12      EV: 19    Int: 10    God:    Dithmenos [***...]
Gold:   665        SH: 12    Dex: 16    Spells: 11/11 levels left

rFire    . . .     SeeInvis .   z - +0 scimitar (flame)
rCold    . . .     Gourm    .   b - +1 shield
rNeg     . . .     Faith    .   (helmet restricted)
rPois    .         Spirit   .   q - amulet of rage
rElec    +         Reflect  .   i - +4 ring of protection
rCorr    .         Harm     .   y - +4 ring of strength
MR       .....                  l - +2 ring of slaying
Stlth    ++++++++..             (no ring)
HPRegen  0.22/turn              (no ring)
MPRegen  0.13/turn              (no ring)
                                (no ring)
                                (no ring)

@: lethally poisoned (-1 -> -14), berserk cooldown, slowed, wreathed by umbra,
very slow
A: almost no armour, stealthy swim, amphibious, 8 rings, constrict 8, tentacle
spike 1, iridescent scales 1, camouflage 1, electricity resistance, strong 2,
gelatinous body 1
a: Shadow Step, Renounce Religion, Evoke Berserk Rage


You were on level 13 of the Dungeon.
You worshipped Dithmenos.
Dithmenos was most pleased with you.
You were near starving.

You visited 3 branches of the dungeon, and saw 15 of its levels.

You collected 918 gold pieces.
You spent 253 gold pieces at shops.

Inventory:

Hand Weapons
 m - a +0 scimitar
 z - a +0 scimitar of flaming (weapon)
Missiles
 r - a throwing net
 t - 11 tomahawks (quivered)
Armour
 b - a +1 shield (worn)
Jewellery
 i - a +4 ring of protection (left tentacle)
 l - a +2 ring of slaying (on tentacle)
 q - an amulet of rage (around mantle)
 y - a +4 ring of strength (right tentacle)
Wands
 a - a wand of digging (5)
 n - a wand of iceblast (17)
 D - a wand of polymorph (9)
 E - a wand of clouds (5)
Scrolls
 c - 5 scrolls of blinking
 f - 4 scrolls of enchant weapon
 p - 5 scrolls of teleportation
 u - 6 scrolls of identify
 w - 7 scrolls of remove curse
 x - 2 scrolls of holy word {unknown}
 A - a scroll of enchant armour
 G - a scroll of acquirement {unknown}
 H - a scroll of fog {unknown}
 I - a scroll of brand weapon {unknown}
Potions
 e - 3 potions of brilliance
 g - a potion of magic
 h - 3 potions of resistance
 j - 2 potions of lignification
 k - 3 potions of flight
 o - a potion of berserk rage
 s - a potion of agility
 v - 2 potions of ambrosia
 C - 2 potions of curing
 F - a potion of invisibility {unknown}
Miscellaneous
 B - a phial of floods (inert)
Comestibles
 d - 18 rations


   Skills:
 - Level 3.0 Fighting
 * Level 13.8 Long Blades
 - Level 10.4 Dodging
 - Level 11.2 Stealth
 + Level 5.1 Shields


You had 11 spell levels left.
You didn't know any spells.
Your spell library contained the following spells:

 Spells                   Type           Power        Failure   Level  Hunger
 Animate Skeleton         Necr           N/A          80%         1    ##.....
 Magic Dart               Conj           #...         80%         1    ##.....
 Pain                     Necr           #...         80%         1    ##.....
 Searing Ray              Conj           #.....       90%         2    ###....
 Dazzling Spray           Conj/Hex       #.....       99%         3    ####...
 Regeneration             Chrm/Necr      #.........   99%         3    ####...
 Vampiric Draining        Necr           #.........   99%         3    ####...
 Animate Dead             Necr           N/A          100%        4    #####..
 Force Lance              Conj/Tloc      #.......     100%        4    #####..
 Fulminant Prism          Conj/Hex       #.........   100%        4    #####..
 Iskenderun's Mystic Bla  Conj           #.......     100%        4    #####..


Dungeon Overview and Level Annotations

Branches:
Dungeon (13/15)            Temple (1/1) D:7            Lair (1/6) D:11
    Orc (0/2) D:12
 Vaults: D:13-14

Altars:
Ashenzari
Cheibriados
Dithmenos
Elyvilon
Fedhas
Gozag
Hepliaklqana
Kikubaaqudgha
Makhleb
Nemelex Xobeh
Okawaru
Qazlal
Ru
Sif Muna
Trog
Uskayaw
Vehumet
Wu Jian
Xom
Yredelemnul
Zin
The Shining One
Beogh

Shops:
D:7 *

Annotations:
Lair:1 exclusion: hydra


Innate Abilities, Weirdness & Mutations

You cannot wear most types of armour.
You are very stealthy in the water. (Stealth+)
You are amphibious.
You can wear up to eight rings at the same time.
You can use your tentacles to constrict eight enemies at once.
Your skin changes colour to match your surroundings (Stealth+).
Your rubbery body absorbs attacks. (AC +1, EV +1)
One of your tentacles bears a spike.
You are partially covered in iridescent scales. (AC +2)
You are resistant to electric shocks. (rElec)
Your muscles are very strong. (Str +4)


Message History

Press: ? - help, Shift-Dir - straight line, f - seven-headed hydra
Aim: a seven-headed hydra The torrent of water hits the seven-headed hydra!
The seven-headed hydra is lightly wounded.
The wave splashes down.
The water rises up and takes form.
* * * LOW HITPOINT WARNING * * *
You feel very sick.
Evoke which item? (* to show all) (? for menu, Esc to quit)
Aiming: Iceblast
Press: ? - help, Shift-Dir - straight line, f/p - seven-headed hydra
Aim: a seven-headed hydra (lightly wounded, umbra)
The mass of ice explodes!
The iceblast engulfs the seven-headed hydra!
The seven-headed hydra is moderately wounded.
You feel sick.
* * * LOW HITPOINT WARNING * * *
You feel very sick.
You block the seven-headed hydra's attack. x2
The seven-headed hydra bites you!
You die...

##....
.... ....
... #..
#.# ## #.#
.#≈≈.###@#
≈≈≈≈E..D.#
.≈≈≈≈....#
....≈..#.#
......##.#
....## #.#
#### #.#
#.# ##


You could see a seven-headed hydra and a friendly water elemental.

Vanquished Creatures
  Harold (D:10)
  Erica (D:10)
  Nergalle (D:10)
  An orc knight (D:11)
  3 ugly things
  A gargoyle (D:12)
  3 spiny frogs (Lair:1)
  A komodo dragon (Lair:1)
  A troll (D:12)
  A hornet (D:12)
  2 hippogriffs
  2 wraiths (D:12)
  6 yaks (D:11)
  2 water moccasins
  7 porcupines
  3 sky beasts
  2 ice beasts (D:7)
  8 orc warriors
  An eye of draining (D:12)
  A necrophage (D:10)
  12 ogres
  A phantom (D:12)
  A wolf (D:7)
  4 centaurs
  3 crocodiles
  2 big kobolds (D:7)
  9 bullfrogs
  2 wyvern skeletons
  4 scorpions
  13 killer bees
  8 crimson imps
  3 quasits
  2 centaur zombies
  5 bullfrog skeletons
  A gnoll shaman (D:7)
  9 orc priests
  6 hounds
  A jelly (D:11)
  7 orc wizards
  Jessica (D:3)
  4 iguanas
  4 worker ants
  A howler monkey zombie (D:6)
  12 gnolls
  17 adders
  3 shadow imps
  2 oozes
  An adder zombie (D:5)
  2 adder skeletons
  2 dart slugs
  A worm (D:4)
  6 leopard geckos
  60 orcs
  6 ball pythons
  7 bats
  7 giant cockroaches
  13 goblins
  5 hobgoblins
  12 jackals
  7 quokkas
  6 frilled lizards
  10 kobolds
  A quokka skeleton (D:8)
  12 rats
343 creatures vanquished.

Vanquished Creatures (others)
  43 fungi (D:11)
  11 plants (D:11)
54 creatures vanquished.

Grand Total: 397 creatures vanquished

Notes
Turn   | Place    | Note
-------+----------+-------------------------------------------
     0 | D:1      | PentaManta the Octopode Fighter began the quest for the
                  | Orb.
     0 | D:1      | Reached XP level 1. HP: 16/16 MP: 1/1
    40 | D:1      | Reached skill level 1 in Stealth
   110 | D:1      | Reached XP level 2. HP: 18/21 MP: 2/2
   341 | D:1      | Reached XP level 3. HP: 18/26 MP: 3/3
   726 | D:2      | Reached XP level 4. HP: 16/31 MP: 4/4
  1433 | D:2      | Reached XP level 5. HP: 33/36 MP: 5/5
  1625 | D:2      | Reached skill level 3 in Long Blades
  1795 | D:2      | Reached skill level 5 in Stealth
  1818 | D:2      | HP: 1/36 [poisoned by an adder]
  2786 | D:3      | Found a faded altar of an unknown god.
  3117 | D:3      | Reached XP level 6. HP: 39/42 MP: 6/6
  3530 | D:3      | Noticed Jessica
  3537 | D:3      | Killed Jessica
  3747 | D:3      | Found a shimmering altar of Xom.
  4126 | D:3      | Reached XP level 7. HP: 45/46 MP: 7/7
  4366 | D:4      | Reached skill level 4 in Long Blades
  5782 | D:4      | Reached skill level 5 in Dodging
  6114 | D:5      | Entered Level 5 of the Dungeon
  6459 | D:5      | Reached XP level 8. HP: 52/52 MP: 8/8
  7103 | D:6      | Found a burning altar of Makhleb.
  7105 | D:6      | Noticed an Executioner
  7109 | D:6      | Noticed a hellwing
  7109 | D:6      | Noticed a smoke demon
  7300 | D:7      | Reached skill level 5 in Long Blades
  7316 | D:7      | Reached skill level 10 in Stealth
  7600 | D:7      | Found Vicawyef's General Store.
  7609 | D:7      | Bought 2 scrolls of blinking for 165 gold pieces
  7609 | D:7      | Bought a potion of ambrosia for 88 gold pieces
  7916 | D:7      | Found a staircase to the Ecumenical Temple.
  7920 | D:7      | Reached XP level 9. HP: 53/56 MP: 9/9
  7935 | Temple   | Entered the Ecumenical Temple
  8170 | D:7      | Reached skill level 6 in Long Blades
  8862 | D:6      | Found a glowing silver altar of Zin.
  8871 | D:6      | Reached skill level 7 in Long Blades
  9282 | D:6      | Found an ancient bone altar of Kikubaaqudgha.
  9738 | D:6      | Reached skill level 8 in Long Blades
 10161 | D:8      | Found a shattered altar of Ashenzari.
 10251 | D:8      | Found a stormy altar of Qazlal.
 10514 | D:8      | Found a deep blue altar of Sif Muna.
 10560 | D:8      | Reached XP level 10. HP: 63/63 MP: 10/10
 11037 | D:8      | Reached skill level 9 in Long Blades
 11715 | D:9      | Found a hide-covered altar of Uskayaw.
 11716 | D:9      | Found a snail-covered altar of Cheibriados.
 11721 | D:9      | Found a bloodstained altar of Trog.
 11721 | D:9      | Found a shadowy altar of Dithmenos.
 11721 | D:9      | Found a sparkling altar of Nemelex Xobeh.
 11726 | D:9      | Found an opulent altar of Gozag.
 11729 | D:9      | Became a worshipper of Dithmenos the Shadowed
 11975 | D:9      | Found a radiant altar of Vehumet.
 12435 | D:10     | Entered Level 10 of the Dungeon
 12848 | D:10     | Gained mutation: Scrolls take you a little longer to read.
                  | [potion of mutation]
 12848 | D:10     | Gained mutation: You occasionally shout uncontrollably at
                  | your foes. [potion of mutation]
 12848 | D:10     | Gained mutation: You are resistant to hostile enchantments.
                  | (MR+) [potion of mutation]
 13105 | D:10     | Reached skill level 10 in Long Blades
 13229 | D:10     | Noticed Erica
 13243 | D:10     | Killed Erica
 13652 | D:10     | Noticed Harold
 13665 | D:10     | Killed Harold
 13665 | D:10     | Reached skill level 11 in Long Blades
 13686 | D:10     | Noticed a purple ugly thing
 13691 | D:10     | Noticed Nergalle
 13694 | D:10     | Killed a purple ugly thing
 13694 | D:10     | Reached * piety under Dithmenos
 13694 | D:10     | Reached XP level 11. HP: 67/67 MP: 11/11
 13707 | D:10     | Killed Nergalle
 14196 | D:11     | Found a roughly hewn altar of Beogh.
 14196 | D:11     | Noticed an orc knight
 14213 | D:11     | Reached ** piety under Dithmenos
 14390 | D:11     | Killed an orc knight
 14390 | D:11     | Reached skill level 12 in Long Blades
 14390 | D:11     | Reached skill level 10 in Dodging
 14917 | D:11     | Found a staircase to the Lair.
 15210 | D:11     | Lost mutation: You occasionally shout uncontrollably at
                  | your foes. [potion of mutation]
 15210 | D:11     | Lost mutation: You are resistant to hostile enchantments.
                  | (MR+) [potion of mutation]
 15210 | D:11     | Gained mutation: Your muscles are strong. (Str +2) [potion
                  | of mutation]
 15210 | D:11     | Gained mutation: Your flesh is cold resistant. (rC+)
                  | [potion of mutation]
 15211 | D:11     | Lost mutation: Scrolls take you a little longer to read.
                  | [potion of mutation]
 15211 | D:11     | Lost mutation: Your flesh is cold resistant. (rC+) [potion
                  | of mutation]
 15211 | D:11     | Gained mutation: You are partially covered in iridescent
                  | scales. (AC +2) [potion of mutation]
 15211 | D:11     | Gained mutation: One of your tentacles bears a spike.
                  | [potion of mutation]
 15211 | D:11     | Gained mutation: You are resistant to electric shocks.
                  | (rElec) [potion of mutation]
 15211 | D:11     | Gained mutation: Your muscles are very strong. (Str +4)
                  | [potion of mutation]
 15824 | D:12     | Noticed a green ugly thing
 15874 | Lair:1   | Entered Level 1 of the Lair of Beasts
 15919 | D:11     | Reached skill level 13 in Long Blades
 16444 | Lair:1   | Reached XP level 12. HP: 17/72 MP: 12/12
 16523 | Lair:1   | Noticed an eight-headed hydra
 17051 | D:12     | Reached *** piety under Dithmenos
 17219 | D:12     | Found a staircase to the Orcish Mines.
 17329 | D:12     | Reached skill level 5 in Shields
 17351 | D:13     | Noticed a seven-headed hydra
 17354 | D:13     | Slain by a seven-headed hydra

Skill      XL: |  1  2  3  4  5  6  7  8  9 10 11 12 |
---------------+-------------------------------------+-----
Stealth        | 1 2 3 4 5 7 8 11 | 11.2
Long Blades    | 3 4 5 8 11 13 | 13.8
Dodging        | 4 5 6 7 9 10 | 10.4
Shields        | 4 5 |  5.1
Fighting       | |  3.0

Action                   |  1- 3 |  4- 6 |  7- 9 | 10-12 || total
-------------------------+-------+-------+-------+-------++-------
Melee: Long sword        |    57 |   154 |   307 |       ||   518
       Constrict         |    14 |    35 |    73 |    63 ||   185
       Tentacles         |     8 |    30 |    95 |   107 ||   240
       Scimitar          |       |       |    50 |   336 ||   386
       Kick              |       |       |       |    48 ||    48
Throw: Tomahawk          |       |       |    10 |    14 ||    24
       Throwing net      |       |       |       |     4 ||     4
 Abil: Evoke Berserk Rag |       |       |       |     7 ||     7
Evoke: Wand              |       |       |     8 |     5 ||    13
       Phial of floods   |       |       |       |     1 ||     1
  Use: Scroll            |     4 |       |    11 |     3 ||    18
       Potion            |       |     2 |     6 |     9 ||    17
 Stab: Sleeping          |    12 |    13 |    20 |    23 ||    68
       Distracted        |       |       |     4 |     2 ||     6
       Held in net/web   |       |       |       |     5 ||     5
  Eat: Chunk             |       |     9 |    18 |    13 ||    40
       Ration            |       |       |     1 |     4 ||     5
Armor: Skin              |     4 |    16 |    52 |    19 ||    91
Dodge: Dodged            |    25 |    84 |   226 |   166 ||   501
Block: Shield            |    17 |    74 |   191 |   159 ||   441
       Rpst.: Long sword |     9 |    21 |    52 |       ||    82
       Scimitar          |       |       |     5 |    51 ||    56
